 Dungeon Crawl Stone Soup version 0.26-a0-597-gb535b0901c (webtiles) character file.

Game seed: 18321437048728292866

12 vurker the Gusty (level 2, 0/16 HPs)
             Began as a Tengu Air Elementalist on Sept 12, 2020.
             Killed from afar by a dart slug (6 damage)
             ... with a slug dart
             ... on level 1 of the Dungeon.
             The game lasted 00:00:28 (266 turns).

vurker the Gusty (Tengu Air Elementalist)            Turns: 266, Time: 00:00:29

Health: 0/16       AC:  2    Str:  8    XL:     2   Next: 33%
Magic:  0/6        EV: 12    Int: 15    God:
Gold:   11         SH:  0    Dex: 14    Spells: 4/5 levels left

rFire    . . .     SeeInvis .   (no weapon)
rCold    . . .     Faith    .   (no shield)
rNeg     . . .     Spirit   .   a - +0 robe
rPois    .         Reflect  .   (helmet restricted)
rElec    .         Harm     .   (no cloak)
rCorr    .                      (no gloves)
MR       .....                  (boots unavailable)
Stlth    ++........             (no amulet)
HPRegen  0.05/turn              (no ring)
MPRegen  0.10/turn              (no ring)

@: no status effects
A: beak, talons 3
a: no special abilities


You were on level 1 of the Dungeon.
You visited 1 branch of the dungeon, and saw 1 of its levels.

You collected 11 gold pieces.

Inventory:

Armour
 a - a +0 robe (worn)


   Skills:
 + Level 0.4 Fighting
 - Level 2.1 Dodging
 - Level 2.0 Stealth
 * Level 2.2 Spellcasting
 + Level 1.8 Conjurations
 * Level 4.3 Air Magic


You had 4 spell levels left.
You knew the following spells:

 Your Spells              Type           Power        Failure   Level
a - Shock                 Conj/Air       ##..         6%          1

Your spell library contained the following spells:

 Spells                   Type           Power        Failure   Level
 Swiftness                Air            ##......     5%          2
 Static Discharge         Conj/Air       ##......     19%         3
 Airstrike                Air            ##........   36%         4
 Lightning Bolt           Conj/Air       ##........   86%         5


Dungeon Overview and Level Annotations

Branches:
Dungeon (1/15)

Altars:


Innate Abilities, Weirdness & Mutations

You have a beak for a mouth.
You have claws for feet.


Message History

The zap hits the jackal.
The jackal barks!
You hear a shout!
A jackal comes into view.
Aim: a jackal (heavily wounded)
The zap hits the jackal.
The jackal barks!
The jackal bites you but does no damage.
A jackal comes into view.
A hobgoblin comes into view. It is wielding a +0 club.
The jackal bites you.
Found 18 gold pieces.
Aim: a jackal (almost dead)
The zap hits the jackal. x2
You kill the jackal!
The zap hits the jackal.
You kill the jackal!
The zap hits the hobgoblin.
Aim: a jackal (severely wounded)
The zap hits the jackal.
You kill the jackal!
The zap misses the hobgoblin.
Aim: a hobgoblin, wielding a +0 club (almost dead)
The zap misses the hobgoblin.
Aim: a hobgoblin, wielding a +0 club (almost dead)
The zap hits the hobgoblin.
You kill the hobgoblin!
A dart slug comes into view.
A dart slug is nearby!
Aim: a dart slug (wandering, hasn't noticed you)
The zap hits the dart slug.
You don't have enough magic to cast that spell.
You see here a jackal corpse.
The dart slug launches a dart at you. The slug dart hits you.
Found a stone staircase leading down.
You see here a jackal corpse.
The dart slug bites you.
Things that are here:
a +0 club; a hobgoblin corpse You barely miss the dart slug.
The dart slug bites you.
You hit the dart slug. You hit the dart slug. The dart slug closely misses you.
You hit the dart slug. The dart slug bites you.
* * * LOW HITPOINT WARNING * * *
The zap hits the dart slug. x2
You hit the dart slug.
You claw the dart slug, but do no damage.
The dart slug launches a dart at you. The slug dart hits you.
You die...

...... ##. #$.> ......
.. ... ...... #.##.#
...### #...$# .. # ####
#....# #... # .....
#....# #... .# #
......##.#.# #.....###
#..w@††.# #.......
#.......#.# #..####
...#..####.#######..####
. #.. #.............(..
... #.#.####........#
.... #.#.# #.###.....
#### . ..# #.#####..#
###.## #.##.....# #.
#.##.##.##


You could see a dart slug.

Vanquished Creatures
  A dart slug (D:1)
  A goblin (D:1)
  A hobgoblin (D:1)
  3 jackals (D:1)
  A frilled lizard (D:1)
  2 kobolds (D:1)
  A rat (D:1)
10 creatures vanquished.

Notes
Turn   | Place    | Note
-------+----------+-------------------------------------------
     0 | D:1      | vurker the Tengu Air Elementalist began the quest for the
                  | Orb.
     0 | D:1      | Reached XP level 1. HP: 10/10 MP: 4/4
   198 | D:1      | Reached XP level 2. HP: 16/16 MP: 4/6
   266 | D:1      | Killed from afar by a dart slug

Illustrated notes

Levels and vault maps discovered:
D:1:      ncdulo_smallfort, layout_loops_cross

Action                   || total
-------------------------++-------
Melee: Unarmed           ||     5
       Kick              ||     1
 Cast: Shock             ||    18
Armor: Robe              ||     2
Dodge: Dodged            ||     1

Table legend: (Time is in decaauts)
 A = Elapsed time spent in this place.
 B = Non-inter-level travel time spent in this place.
 C = Inter-level travel time spent in this place.
 D = Time resting spent in this place.
 E = Time spent auto-exploring this place.
 F = Levels seen in this place.
 G = Mean time per level.
                   A        B        C        D        E       F      G
               +--------+--------+--------+--------+--------+-----+--------+
         Total |    266 |    266 |      0 |      0 |    224 |   1 |  266.0 |
       Dungeon |    266 |    266 |      0 |      0 |    224 |   1 |  266.0 |
               +--------+--------+--------+--------+--------+-----+--------+

Top non-repeatable levels by time:
     D:1: 266 daAuts
